 Dungeon Crawl Stone Soup version 0.26.0-41-g79a4fc7684 (webtiles) character file.

Game seed: 13975731978209219074

21 hatsuma the Ogre Mage (level 2, -10/29 HPs)
             Began as an Ogre Hedge Wizard on Jan 26, 2021.
             Mangled by a goblin
             ... wielding a +1 dagger of electrocution
              (16 damage)
             ... on level 1 of the Dungeon.
             The game lasted 00:07:20 (996 turns).

hatsuma the Ogre Mage (Ogre Hedge Wizard)            Turns: 996, Time: 00:07:21

Health: -10/29     AC:  3    Str: 13    XL:     2   Next: 87%
Magic:  6/6        EV: 10    Int: 15    God:
Gold:   56         SH:  0    Dex:  8    Spells: 1/8 levels left

rFire    . . .     SeeInvis .   k - +0 mace
rCold    . . .     Faith    .   (no shield)
rNeg     . . .     Spirit   .   h - +0 robe (curse)
rPois    .         Reflect  .   c - +0 hat
rElec    .         Harm     .   (no cloak)
rCorr    .         Rampage  .   (gloves unavailable)
Will     .....                  (boots unavailable)
Stlth    +.........             (no amulet)
HPRegen  0.09/turn              (no ring)
MPRegen  0.10/turn              (no ring)

@: no status effects
A: large, unfitting armour, tough skin 1
a: no special abilities


You were on level 1 of the Dungeon.
You visited 1 branch of the dungeon, and saw 1 of its levels.

You collected 56 gold pieces.

Inventory:

Hand Weapons
 k - a +0 mace (weapon)
Missiles
 a - 15 poisoned darts
Armour
 c - a +0 hat (worn)
 h - a cursed +0 robe (worn)
Scrolls
 b - a scroll of blinking {unknown}
 d - 3 scrolls of identify {unknown}
 f - a scroll of amnesia {unknown}
 j - 2 scrolls of remove curse {unknown}
Potions
 e - 3 potions of curing {unknown}
 i - a potion of heal wounds {unknown}


   Skills:
 + Level 2.6 Fighting
 - Level 1.0 Maces & Flails
 - Level 1.7 Dodging
 - Level 1.4 Stealth
 - Level 3.6 Spellcasting
 - Level 0.8 Conjurations
 - Level 0.8 Summonings
 - Level 0.8 Translocations


You had one spell level left.
You knew the following spells:

 Your Spells              Type           Power        Failure   Level
a - Magic Dart            Conj           20%          13%         1
b - Blink                 Tloc           N/A          21%         2
c - Call Imp              Summ           5%           21%         2
d - Slow                  Hex            2%           28%         2

Your spell library contained the following spells:

 Spells                   Type           Power        Failure   Level
 Conjure Flame            Conj/Fire      4%           43%         3
 Mephitic Cloud           Conj/Pois/Air  3%           45%         3


Dungeon Overview and Level Annotations

Branches:
Dungeon (1/15)

Altars:


Innate Abilities, Weirdness & Mutations

You are too large for most types of armour.
You have tough skin. (AC +1)


Message History

Found 16 arrows.
Found a scroll labelled VEICSA ZALOPTA.
d - 3 scrolls labelled VEICSA ZALOPTA (gained 1)
A goblin comes into view.
It is wielding a +1 dagger of electrocution.
The goblin shouts!
A kobold comes into view.
The kobold shouts!
The goblin barely misses you.
The kobold throws a stone.
The stone hits you.
You see here a stone.
You hit the goblin.
The goblin is severely wounded.
The goblin hits you with a +1 dagger of electrocution.
You are electrocuted!
Ouch! That really hurt!
* * * LOW HITPOINT WARNING * * *
The goblin hits you with a +1 dagger of electrocution.
* * * LOW HITPOINT WARNING * * *
You are electrocuted!
Ouch! That really hurt!
You die...

.......#...#.####.# #
#................#
#.##................
#.......#...#......#
##........######..
#..........# #..
#####....###.### #..
#.........##.# #.#
#....@....##.# #..
#...g.....##.#######..
#.........+...........
#..........#.....####..
#..........#.........#.
#..........#.(...###.#.
#.....K....#.....###.#.
#..........#.......#...
#..(....####


You could see a goblin and a kobold.

Vanquished Creatures
  4 dart slugs (D:1)
  3 hobgoblins (D:1)
  3 kobolds (D:1)
  A frilled lizard (D:1)
  3 rats (D:1)
14 creatures vanquished.

Notes
Turn   | Place    | Note
-------+----------+-------------------------------------------
     0 | D:1      | hatsuma the Ogre Hedge Wizard began the quest for the Orb.
     0 | D:1      | Reached XP level 1. HP: 16/16 MP: 5/5
    64 | D:1      | Reached skill level 1 in Fighting
   281 | D:1      | Reached XP level 2. HP: 28/28 MP: 3/6
   524 | D:1      | Reached skill level 1 in Maces & Flails
   919 | D:1      | Learned a level 2 spell: Blink
   922 | D:1      | Learned a level 2 spell: Call Imp
   925 | D:1      | Learned a level 2 spell: Slow
   996 | D:1      | Mangled by a goblin

Illustrated notes

Levels and vault maps discovered:
D:1:      mrwooster_arrival_statue_2, layout_basic

Skill      XL: |  1  2 |
---------------+-------+-----
Fighting       | 2 |  2.6
Maces & Flails | 1 |  1.0
Dodging        | |  1.7
Stealth        | |  1.4
Spellcasting   | |  3.6
Conjurations   | |  0.8
Summonings     | |  0.8
Translocations | |  0.8

Action                   || total
-------------------------++-------
Melee: Dagger            ||    15
       Club              ||    18
       Mace              ||    16
 Cast: Magic Dart        ||    15
Armor: Robe              ||    16
Dodge: Dodged            ||    29
